[Event "Titled Tuesday Blitz October 25 Late 2022"]
[White "Harish, Neeraj"]
[Black "Rodriguez Santiago, Jaime"]
[WhiteFideId "30958130"]
[BlackFideId "3100898"]
[WhiteElo "1815"]
[BlackElo "2025"]
[Result "0-1"]
[Round "06"]
[TimeControl "180+1"]
[Date "2022.10.26"]
[WhiteClock "0:00:17"]
[BlackClock "0:00:20"]

1. e4 g6 2. d4 d6 3. Nc3 c6 4. Nf3 Bg7 5. Bd3 b5 6. Be3 Bg4 7. h3 Bxf3 8. Qxf3 Nd7 9. O-O-O Qc7 10. h4 h5 11. g4 Ngf6 12. g5 Ng4 13. Kb1 b4 14. Ne2 Rb8 15. Bd2 c5 16. dxc5 dxc5 17. Bc4 Nge5 18. Qb3 Nxc4 19. Qxc4 O-O 20. f4 Nb6 21. Qd3 Na4 22. b3 Nb2 23. Qf3 Nxd1 24. Rxd1 c4 25. f5 Qe5 26. c3 cxb3 27. axb3 bxc3 28. Bxc3 Rxb3+ 29. Kc2 Qb5 30. f6 exf6 31. gxf6 Bh6 32. Nd4 Rxc3+ 33. Qxc3 Qe5 34. Nc6 Qxe4+ 35. Kb2 Kh7 36. Ne7 Rb8+ 37. Ka1 Qa4+ 0-1


[Site "https://www.chess.com"]

[Event "Titled Tuesday Blitz October 25 Late 2022"]
[White "Harvey, Marcus R"]
[Black "Ashiku, Franc"]
[WhiteFideId "400092"]
[BlackFideId "4700066"]
[WhiteElo "2457"]
[BlackElo "2306"]
[Result "1-0"]
[Round "06"]
[TimeControl "180+1"]
[Date "2022.10.26"]
[WhiteClock "0:00:15"]
[BlackClock "0:00:06"]

1. e4 c5 2. c3 d5 3. exd5 Qxd5 4. d4 Nf6 5. Nf3 Nc6 6. dxc5 Qxd1+ 7. Kxd1 a5 8. h3 Ne4 9. Be3 e5 10. Bb5 f6 11. Nbd2 Nxc5 12. Nc4 Be6 13. Nfd2 Kf7 14. Bxc5 Bxc5 15. Ne4 Rhd8+ 16. Kc2 Be7 17. Bxc6 Bxc4 18. Bxb7 Rab8 19. Bc6 Rb6 20. Ng5+ fxg5 21. Be4 Bd5 22. Bxd5+ Rxd5 23. Rhd1 Rbd6 24. Rxd5 Rxd5 25. a4 Bc5 26. Rb1 Bxf2 27. Rf1 e4 28. Rxf2+ Ke6 29. b4 Ke5 30. b5 e3 31. Rf8 Rd2+ 32. Kb3 Rd1 33. Re8+ Kf4 34. c4 Re1 35. c5 e2 36. Kb2 Kg3 37. b6 Kf2 38. b7 1-0


[Site "https://www.chess.com"]

[Event "Titled Tuesday Blitz October 25 Late 2022"]
[White "Haszon, David"]
[Black "Floresvillar Gonzalez, Luis Migu"]
[WhiteFideId "733610"]
[BlackFideId "5100542"]
[WhiteElo "2211"]
[BlackElo "2040"]
[Result "1-0"]
[Round "06"]
[TimeControl "180+1"]
[Date "2022.10.26"]
[WhiteClock "0:01:28"]
[BlackClock "0:00:28"]

1. e4 e6 2. d4 d5 3. Nd2 Nf6 4. e5 Nfd7 5. Bd3 c5 6. c3 Nc6 7. Ngf3 Qb6 8. O-O cxd4 9. cxd4 Nxd4 10. Nxd4 Qxd4 11. Nf3 Qb6 12. Qa4 Bc5 13. a3 O-O 14. Bxh7+ Kxh7 15. Qh4+ Kg8 16. Ng5 Re8 17. Qh7+ Kf8 18. Qh8+ Ke7 19. Qxg7 Kd8 20. b4 Bd4 21. Nxf7+ Kc7 22. Ra2 Kb8 23. h4 a6 24. h5 Re7 25. Qg8 Nxe5 26. Bf4 Ka7 27. Nxe5 Bd7 28. Qg5 Rh7 29. Rd2 Bc3 30. Rd3 d4 31. Rxc3 Rg8 32. Qxg8 1-0


[Site "https://www.chess.com"]

[Event "Titled Tuesday Blitz October 25 Late 2022"]
[White "Hoffmann, Asa"]
[Black "Djokic, Mihailo"]
[WhiteFideId "2001470"]
[BlackFideId "976440"]
[WhiteElo "2117"]
[BlackElo "2315"]
[Result "0-1"]
[Round "06"]
[TimeControl "180+1"]
[Date "2022.10.26"]
[WhiteClock "0:00:23"]
[BlackClock "0:00:09"]

1. d4 Nf6 2. Bg5 Ne4 3. Bf4 d5 4. f3 Nf6 5. e4 dxe4 6. Nc3 exf3 7. Nxf3 e6 8. Bc4 c6 9. Qe2 Nd5 10. Bd2 Be7 11. O-O-O Nd7 12. h4 N7b6 13. Bb3 a5 14. a3 Nxc3 15. Bxc3 a4 16. Ba2 Nd5 17. Bd2 h5 18. Ng5 Bf6 19. c4 Ne7 20. Bc3 Nf5 21. d5 Bxg5+ 22. hxg5 Qxg5+ 23. Kb1 Ng3 24. Qf3 Nxh1 25. dxc6 Qf5+ 26. Qxf5 exf5 27. Bxg7 Rg8 28. Re1+ Be6 29. cxb7 Rb8 30. Be5 Rxb7 31. Rxh1 Rxg2 32. Rxh5 f4 33. Rh1 f3 34. Rf1 f2 35. Kc2 Bf5+ 36. Kd2 Rd7+ 37. Ke3 Rd3+ 38. Ke2 Rd7 39. Rxf2 Bg4+ 40. Ke3 Rg1 41. c5 Re1+ 42. Kf4 Be6 43. Bxe6 fxe6 44. Bd6 Rf7+ 45. Kg3 Rg1+ 46. Rg2 Rxg2+ 47. Kxg2 Kd7 48. Kg3 Kc6 49. Kg4 Kd5 50. Kg5 e5 51. Kg6 Rf2 52. Kg5 e4 53. Kg4 e3 54. Kg3 Rf7 55. Bf4 Rxf4 56. Kxf4 e2 57. Ke3 e1=Q+ 58. Kd3 Kxc5 59. Kc2 Kc4 60. b3+ axb3+ 61. Kb2 Qc3+ 62. Kb1 Qc2+ 63. Ka1 Qa2# 0-1


[Site "https://www.chess.com"]

[Event "Titled Tuesday Blitz October 25 Late 2022"]
[White "Howell, David W L"]
[Black "Deac, Bogdan-Daniel"]
[WhiteFideId "410608"]
[BlackFideId "1226380"]
[WhiteElo "2567"]
[BlackElo "2648"]
[Result "1/2-1/2"]
[Round "06"]
[TimeControl "180+1"]
[Date "2022.10.26"]
[WhiteClock "0:00:29"]
[BlackClock "0:00:20"]

1. e4 e5 2. Nf3 Nf6 3. Nc3 Nc6 4. Bb5 Bb4 5. O-O O-O 6. d3 Bxc3 7. bxc3 d6 8. Bxc6 bxc6 9. h3 Nd7 10. Re1 Re8 11. Rb1 c5 12. Nd2 Nf8 13. Nf1 f5 14. exf5 Bxf5 15. Ng3 Be6 16. c4 Ng6 17. Qh5 Bf7 18. Ne4 Nf8 19. Qg5 Ne6 20. Qxd8 Rexd8 21. Be3 h6 22. Rb7 Be8 23. f3 Bc6 24. Rb2 Rdb8 25. Reb1 Rb6 26. Nc3 Kf7 27. Kf2 g5 28. Rb3 Kg6 29. Ra3 Rab8 30. Rxb6 axb6 31. Ra7 Ra8 32. Rxa8 Bxa8 33. a4 Bc6 34. Nb5 h5 35. Bd2 1/2-1/2


[Site "https://www.chess.com"]

[Event "Titled Tuesday Blitz October 25 Late 2022"]
[White "Iliaguev, Nisim"]
[Black "Xiong, Jeffery"]
[WhiteFideId "2817276"]
[BlackFideId "2047640"]
[WhiteElo "2264"]
[BlackElo "2725"]
[Result "1-0"]
[Round "06"]
[TimeControl "180+1"]
[Date "2022.10.26"]
[WhiteClock "0:00:30"]
[BlackClock "0:00:34"]

1. d4 g6 2. Nf3 Bg7 3. g3 d6 4. Bg2 Nc6 5. O-O Bd7 6. b3 Qc8 7. h4 Bh3 8. Bb2 h6 9. Qc1 Nf6 10. d5 Nb4 11. c4 c6 12. a3 Na6 13. Nc3 O-O 14. dxc6 bxc6 15. b4 Nc7 16. Qc2 Bxg2 17. Kxg2 a5 18. Ne4 Nxe4 19. Bxg7 Kxg7 20. Qxe4 Ne6 21. Qd3 Qb7 22. Qc3+ Kh7 23. Rfb1 Rfb8 24. b5 a4 25. h5 g5 26. Qc2+ Kg8 27. Kg1 cxb5 28. cxb5 Rc8 29. Qd2 Qb6 30. Rb4 Ra5 31. Rab1 Rc5 32. Qe3 Kf8 33. Nd2 d5 34. Nf3 f6 35. Qd3 Ng7 36. Qg6 Raxb5 37. Qxh6 Rxb4 38. Rxb4 Rb5 39. Qh8+ Kf7 40. h6 Nf5 41. Qh7+ Ke6 42. Nxg5+ 1-0


[Site "https://www.chess.com"]

[Event "Titled Tuesday Blitz October 25 Late 2022"]
[White "Jaferian, Koosha"]
[Black "Ismayil, Malak"]
[WhiteFideId "12507440"]
[BlackFideId "13412604"]
[WhiteElo "2127"]
[BlackElo "1879"]
[Result "1-0"]
[Round "06"]
[TimeControl "180+1"]
[Date "2022.10.26"]
[WhiteClock "0:00:47"]
[BlackClock "0:00:01"]

1. Nf3 Nf6 2. b3 g6 3. Bb2 Bg7 4. g3 O-O 5. d4 d6 6. Bg2 c6 7. O-O Bg4 8. c4 Nbd7 9. Nc3 Re8 10. h3 Bxf3 11. Bxf3 Qc7 12. e3 Rad8 13. Qd2 e5 14. Rad1 Qc8 15. Bg2 Nf8 16. Kh2 Ne6 17. f4 exf4 18. exf4 d5 19. c5 Nh5 20. Ne2 f5 21. Ng1 Nf6 22. Nf3 Ne4 23. Qe1 Qc7 24. Ne5 Bxe5 25. fxe5 Qe7 26. g4 fxg4 27. hxg4 N6g5 28. Bc1 Rf8 29. Qe3 Qe6 30. Bxe4 Nxe4 31. Qg1 Qe7 32. Kh3 b6 33. b4 a5 34. a3 axb4 35. axb4 bxc5 36. bxc5 Rb8 37. Rxf8+ Qxf8 38. Rf1 Rb3+ 39. Kh2 Qe7 40. g5 Qe6 41. Qg2 Rd3 42. Bf4 Rxd4 43. Qb2 Rc4 44. Qb8+ Kg7 45. Bd2 Nxc5 46. Qf8# 1-0


[Site "https://www.chess.com"]

[Event "Titled Tuesday Blitz October 25 Late 2022"]
[White "Jimenez Almeida, Luis David"]
[Black "Yuan, Qingyu"]
[WhiteFideId "22242244"]
[BlackFideId "8609772"]
[WhiteElo "2158"]
[BlackElo "2359"]
[Result "0-1"]
[Round "06"]
[TimeControl "180+1"]
[Date "2022.10.26"]
[WhiteClock "0:00:05"]
[BlackClock "0:00:17"]

1. e4 c6 2. Nc3 d5 3. Qf3 dxe4 4. Nxe4 Nf6 5. Nxf6+ exf6 6. Bc4 Bd6 7. Ne2 O-O 8. d4 Nd7 9. O-O Re8 10. c3 Nf8 11. Bf4 Be6 12. Bd3 Bd5 13. Qg3 Bxf4 14. Nxf4 Ng6 15. Nh5 Qd7 16. b3 b5 17. Rfe1 a5 18. h4 a4 19. c4 bxc4 20. bxc4 Be6 21. Nxg7 Kxg7 22. h5 Qxd4 23. hxg6 hxg6 24. Rad1 Qg4 25. Qxg4 Bxg4 26. f3 Be6 27. Be4 Bxc4 28. Bxc6 Rxe1+ 29. Rxe1 Ra6 30. Bb7 Ra7 31. Rc1 Bxa2 32. Ra1 Bb3 33. Bc6 a3 34. Kf2 a2 35. Ke3 Rc7 36. Be4 Rd7 37. g4 Be6 38. Bd3 Kf8 39. Kd2 Bc4 0-1


[Site "https://www.chess.com"]

[Event "Titled Tuesday Blitz October 25 Late 2022"]
[White "Jobava, Baadur"]
[Black "Pap, Gyula"]
[WhiteFideId "13601520"]
[BlackFideId "725323"]
[WhiteElo "3073"]
[BlackElo "2853"]
[Result "1-0"]
[Round "06"]
[TimeControl "180+1"]
[Date "2022.10.26"]
[WhiteClock "0:00:38"]
[BlackClock "0:00:01"]

1. b3 d5 2. Bb2 Bf5 3. d3 e6 4. Nd2 h6 5. g3 Bh7 6. Bg2 Nf6 7. e4 a5 8. a3 Be7 9. Nh3 Nc6 10. exd5 exd5 11. Nf4 Nb8 12. O-O O-O 13. Re1 c6 14. c4 dxc4 15. bxc4 Nbd7 16. d4 Re8 17. h4 Bd6 18. Rxe8+ Qxe8 19. Ne2 Rd8 20. Nc3 Nf8 21. Qb3 Ne6 22. Nf3 Bf8 23. Rd1 Qe7 24. Qb6 Qc7 25. Qb3 Bf5 26. Ne2 Be4 27. Qe3 b5 28. d5 Bc5 29. Nfd4 cxd5 30. cxb5 Qb6 31. a4 Ng4 32. Qc3 Nf6 33. Qe1 Bb4 34. Qf1 Nc5 35. Nc6 Re8 36. Bd4 Ba3 37. Nc3 Bb4 38. Bxf6 gxf6 39. Nxd5 Bxd5 40. Bxd5 1-0


[Site "https://www.chess.com"]

[Event "Titled Tuesday Blitz October 25 Late 2022"]
[White "Kabanova, Ekaterina"]
[Black "Gardezi, Arsal"]
[WhiteFideId "24112917"]
[BlackFideId "30949521"]
[WhiteElo "2141"]
[BlackElo "1906"]
[Result "1-0"]
[Round "06"]
[TimeControl "180+1"]
[Date "2022.10.26"]
[WhiteClock "0:00:36"]
[BlackClock "0:00:17"]

1. c4 Nf6 2. e3 e5 3. a3 d5 4. cxd5 Nxd5 5. Qc2 Be6 6. Nf3 Nc6 7. Bb5 Bd6 8. Bxc6+ bxc6 9. Qxc6+ Kf8 10. Nc3 Nxc3 11. Qxc3 e4 12. Ne5 Qg5 13. f4 exf3 14. Nxf3 Qxg2 15. Rf1 Bd5 16. Nd4 Bxh2 17. Ne2 Bf3 18. Qc4 Bxe2 19. Qxf7# 1-0


[Site "https://www.chess.com"]

[Event "Titled Tuesday Blitz October 25 Late 2022"]
[White "Karacsonyi, Gellert"]
[Black "Badmatsyrenov, Oleg"]
[WhiteFideId "764620"]
[BlackFideId "24115762"]
[WhiteElo "2308"]
[BlackElo "2403"]
[Result "1-0"]
[Round "06"]
[TimeControl "180+1"]
[Date "2022.10.26"]
[WhiteClock "0:00:56"]
[BlackClock "0:00:02"]

1. e4 c5 2. Nf3 e6 3. d4 cxd4 4. Nxd4 a6 5. c4 Nf6 6. Nc3 Qc7 7. Be2 Bb4 8. Qd3 Nc6 9. Nxc6 dxc6 10. a3 Be7 11. O-O e5 12. Qg3 O-O 13. Bh6 Ne8 14. b4 Qd6 15. Be3 Qg6 16. Bb6 Be6 17. Rad1 Qxg3 18. hxg3 Nf6 19. f3 Nd7 20. Be3 a5 21. c5 axb4 22. axb4 Ra3 23. Rc1 Nb8 24. f4 Na6 25. Bxa6 Rxa6 26. f5 Bc8 27. Ra1 Rd8 28. Rxa6 bxa6 29. Kf2 Rd3 30. Na4 Rb3 31. Nb6 Bb7 32. Rd1 1-0


[Site "https://www.chess.com"]

[Event "Titled Tuesday Blitz October 25 Late 2022"]
[White "Karas, Marek"]
[Black "Wieczorek, Oskar"]
[WhiteFideId "14928558"]
[BlackFideId "1133950"]
[WhiteElo "2220"]
[BlackElo "2404"]
[Result "1/2-1/2"]
[Round "06"]
[TimeControl "180+1"]
[Date "2022.10.26"]
[WhiteClock "0:01:04"]
[BlackClock "0:01:11"]

1. d4 d5 2. c4 dxc4 3. Nf3 Nf6 4. e3 g6 5. Bxc4 Bg7 6. O-O O-O 7. b3 Nc6 8. Bb2 Bg4 9. Be2 Nd7 10. Nbd2 Nb6 11. h3 Bc8 12. Nc4 Bf5 13. Rc1 Nxc4 14. bxc4 Na5 15. Qa4 c5 16. Bc3 b6 17. Bxa5 bxa5 18. dxc5 Qc7 19. Nd4 Qxc5 20. Nb3 Qb4 21. Qxa5 Rab8 22. Qxb4 Rxb4 23. c5 Rc8 24. Rc4 Rxc4 25. Bxc4 Bc2 26. Rc1 Be4 27. Ba6 Rc7 28. Bb5 Bb2 29. Rd1 Ba3 30. Rd7 Rxd7 31. Bxd7 Bd5 32. Ba4 Bxb3 33. Bxb3 Bxc5 1/2-1/2


[Site "https://www.chess.com"]

[Event "Titled Tuesday Blitz October 25 Late 2022"]
[White "Kirillov, Dmitry"]
[Black "Melikyan, Gnel"]
[WhiteFideId "34180572"]
[BlackFideId "54109990"]
[WhiteElo "2095"]
[BlackElo "2138"]
[Result "1-0"]
[Round "06"]
[TimeControl "180+1"]
[Date "2022.10.26"]
[WhiteClock "0:00:08"]
[BlackClock "0:00:10"]

1. e4 a6 2. d4 e6 3. c4 d6 4. Nc3 Nf6 5. Nf3 Be7 6. Be2 O-O 7. O-O Nc6 8. h3 Re8 9. Be3 h6 10. d5 Ne5 11. Nd2 Ng6 12. f4 exd5 13. cxd5 Bf8 14. Bd3 Nd7 15. b4 b6 16. Nb3 Bb7 17. Nd4 a5 18. b5 Nc5 19. Bc2 Be7 20. Nf5 Bf6 21. Bd4 Bxd4+ 22. Qxd4 f6 23. Rf3 Ne7 24. Nxh6+ Kf8 25. Rg3 Qd7 26. Ng4 Ng8 27. Rf1 f5 28. Ne3 fxe4 29. Nf5 Qf7 30. Nxg7 Re7 31. f5 Re5 32. Ne6+ Ke8 33. Nxc7+ Qxc7 34. Rxg8+ Kf7 35. Rg4 Rae8 36. Qe3 Ke7 37. Rg7+ Kd8 38. Rxc7 Kxc7 39. f6 Nd7 40. f7 Rf8 41. Bxe4 Re7 42. Qf4 Ne5 43. Qe3 Bc8 44. Na4 Nd7 45. Rc1+ Nc5 46. Nxc5 bxc5 47. b6+ Kxb6 48. Rb1+ Kc7 49. Qb3 Rxe4 50. Qb8+ Kd7 51. Rb7+ Bxb7 52. Qxf8 Re7 53. Qb8 Bxd5 54. f8=Q Re1+ 55. Kh2 Be6 56. Qbc8# 1-0


[Site "https://www.chess.com"]

[Event "Titled Tuesday Blitz October 25 Late 2022"]
[White "Kopacz, Grzegorz"]
[Black "Leschinsky, Gary"]
[WhiteFideId "1109880"]
[BlackFideId "30951321"]
[WhiteElo "2037"]
[BlackElo "1855"]
[Result "0-1"]
[Round "06"]
[TimeControl "180+1"]
[Date "2022.10.26"]
[WhiteClock "0:00:04"]
[BlackClock "0:00:44"]

1. c4 e5 2. Nc3 Nf6 3. g3 d5 4. cxd5 Nxd5 5. Bg2 Nb6 6. Nf3 Nc6 7. O-O Be7 8. d3 O-O 9. Be3 Be6 10. a4 Nd5 11. Nxd5 Bxd5 12. a5 b6 13. axb6 axb6 14. Qc2 Qd7 15. Nd2 Nb4 16. Qc3 Bxg2 17. Kxg2 Nd5 18. Qc4 b5 19. Qe4 f5 20. Qf3 f4 21. Ba7 c5 22. Qe4 Nf6 23. Qxe5 Rxa7 24. Rxa7 Qxa7 25. Qxf4 Qb7+ 26. Nf3 Qc6 27. h3 Bd6 28. Qg5 h6 29. Qg6 Nd5 30. Rc1 Rf6 31. Qh5 Nb4 32. Qh4 Qd7 33. d4 c4 34. e4 Qf7 35. Qg4 h5 0-1


[Site "https://www.chess.com"]

[Event "Titled Tuesday Blitz October 25 Late 2022"]
[White "Korchmar, Vasiliy"]
[Black "Dardha, Daniel"]
[WhiteFideId "24131750"]
[BlackFideId "240990"]
[WhiteElo "2370"]
[BlackElo "2528"]
[Result "0-1"]
[Round "06"]
[TimeControl "180+1"]
[Date "2022.10.26"]
[WhiteClock "0:00:05"]
[BlackClock "0:00:07"]

1. e4 e5 2. Nf3 Nc6 3. Bc4 Bc5 4. c3 Nf6 5. d3 d6 6. Bg5 h6 7. Bh4 a5 8. Nbd2 Ba7 9. O-O g5 10. Bg3 g4 11. Nh4 Nh5 12. d4 exd4 13. Nf5 Nxg3 14. hxg3 dxc3 15. Qxg4 cxd2 16. Bxf7+ Kxf7 17. Qg7+ Ke6 18. Rad1 Qf8 19. Qxc7 Bb8 20. Qb6 Kf6 21. Rxd2 Bxf5 22. exf5 Rh7 23. Re1 Re7 24. Rde2 Rxe2 25. Rxe2 Ba7 26. Qxb7 Ne5 27. Kh1 Qc8 28. Qe4 Qc1+ 29. Re1 Qc8 30. f4 Qe8 31. fxe5+ dxe5 32. Rd1 Qh5+ 0-1


[Site "https://www.chess.com"]

[Event "Titled Tuesday Blitz October 25 Late 2022"]
[White "Korobov, Anton"]
[Black "Barria Zuniga, Daniel"]
[WhiteFideId "14105730"]
[BlackFideId "3400816"]
[WhiteElo "2635"]
[BlackElo "2414"]
[Result "1-0"]
[Round "06"]
[TimeControl "180+1"]
[Date "2022.10.26"]
[WhiteClock "0:00:53"]
[BlackClock "0:00:02"]

1. d4 d5 2. c4 e6 3. Nc3 Nf6 4. cxd5 exd5 5. Bg5 c6 6. e3 Qb6 7. Bd3 Qxb2 8. Nge2 Be7 9. O-O O-O 10. a4 a5 11. Rb1 Qa3 12. Qc2 Qd6 13. Bxf6 Bxf6 14. Bxh7+ Kh8 15. Bf5 Qd8 16. Bxc8 Qxc8 17. Qb3 Na6 18. Qxb7 Nb4 19. Qxc8 Rfxc8 20. Rfc1 Kg8 21. Nf4 Kf8 22. g3 Ke7 23. Nd1 Kd6 24. Nb2 c5 25. dxc5+ Rxc5 26. Rxc5 Kxc5 27. Nbd3+ Nxd3 28. Nxd3+ Kc4 29. Nf4 Bc3 30. Rb7 Bb4 31. Rxf7 Kb3 32. Nxd5 Rd8 33. e4 Kxa4 34. Rxg7 Kb3 35. Rb7 Kc4 36. Kg2 Bd2 37. f4 Kd4 38. Kf3 Ra8 39. Nb6 Rd8 40. h4 Bb4 41. h5 Kc5 42. Nd5 Be1 43. g4 Ra8 44. Rb1 Bd2 45. Rd1 Bb4 46. g5 a4 47. Rc1+ Kd4 48. Nxb4 a3 49. Nc2+ Kd3 50. Nxa3 Kd2 51. Ra1 1-0


[Site "https://www.chess.com"]

[Event "Titled Tuesday Blitz October 25 Late 2022"]
[White "Kravtsiv, Martyn"]
[Black "Firouzja, Alireza"]
[WhiteFideId "14113147"]
[BlackFideId "12573981"]
[WhiteElo "2694"]
[BlackElo "2903"]
[Result "0-1"]
[Round "06"]
[TimeControl "180+1"]
[Date "2022.10.26"]
[WhiteClock "0:00:25"]
[BlackClock "0:00:08"]

1. e4 g6 2. d4 Bg7 3. Nc3 d6 4. f4 a6 5. Nf3 b5 6. Bd3 Bb7 7. e5 Nd7 8. a4 b4 9. Ne4 c5 10. e6 fxe6 11. Nfg5 Bd5 12. dxc5 Nxc5 13. Nxc5 dxc5 14. Qe2 Qd6 15. O-O Nh6 16. Bc4 O-O 17. Nxe6 Bxe6 18. Qxe6+ Kh8 19. Be3 Nf5 20. Bf2 Qxf4 21. Bxc5 Qh4 22. Bf2 Qg5 23. Rad1 Bxb2 24. Bd5 Rad8 25. Qxa6 Ne3 26. h4 Qe5 27. Rde1 Qxd5 28. Bxe3 Bc3 29. Rxf8+ Rxf8 30. Rf1 Rxf1+ 31. Qxf1 Kg7 32. Qb5 Qe4 33. Qe2 Qxh4 34. a5 Bd4 35. a6 Qe4 36. Kf2 Qf4+ 37. Qf3 Bxe3+ 38. Ke2 Qxf3+ 39. Kxf3 Ba7 0-1


[Site "https://www.chess.com"]

[Event "Titled Tuesday Blitz October 25 Late 2022"]
[White "Lamaze, Simon"]
[Black "Kamsky, Gata"]
[WhiteFideId "36069264"]
[BlackFideId "2000024"]
[WhiteElo "2272"]
[BlackElo "2666"]
[Result "0-1"]
[Round "06"]
[TimeControl "180+1"]
[Date "2022.10.26"]
[WhiteClock "0:00:11"]
[BlackClock "0:00:23"]

1. d4 g6 2. c4 Bg7 3. Nc3 d6 4. e4 Nf6 5. h3 c6 6. Be3 a6 7. g4 b5 8. e5 Nfd7 9. f4 bxc4 10. Bxc4 Nb6 11. Bb3 a5 12. a3 Na6 13. Nf3 Nc7 14. Ne4 Nbd5 15. Bd2 a4 16. Ba2 Ne6 17. f5 gxf5 18. gxf5 Nxd4 19. Nxd4 Qb6 20. Bc3 Bxe5 21. Qd2 Nxc3 22. bxc3 d5 23. Nf2 Rg8 24. Rb1 Qc7 25. Rf1 Bxd4 26. Qxd4 Bxf5 27. Rb2 e6 28. Bb1 Bxb1 29. Rxb1 Rb8 30. Ke2 Rb3 31. Rxb3 axb3 32. Nd3 Rg2+ 33. Rf2 Rxf2+ 34. Kxf2 b2 35. Qb4 Qh2+ 36. Ke3 Qg1+ 37. Kf4 b1=Q 0-1


[Site "https://www.chess.com"]

[Event "Titled Tuesday Blitz October 25 Late 2022"]
[White "Lawson, Eric"]
[Black "Holt, Conrad"]
[WhiteFideId "2604116"]
[BlackFideId "2034387"]
[WhiteElo "2548"]
[BlackElo "2592"]
[Result "0-1"]
[Round "06"]
[TimeControl "180+1"]
[Date "2022.10.26"]
[WhiteClock "0:00:07"]
[BlackClock "0:01:42"]

1. d4 d5 2. Bf4 c5 3. c3 Nc6 4. e3 Nf6 5. Nd2 Qb6 6. Qb3 c4 7. Qxb6 axb6 8. a3 b5 9. Rc1 Bf5 10. f3 e6 11. g4 Bg6 12. h4 h5 13. g5 Nd7 14. e4 Nb6 15. exd5 Nxd5 16. Nh3 Bxa3 17. bxa3 Rxa3 18. Bxc4 bxc4 19. Nxc4 Rxc3 20. Rxc3 Nxc3 21. Nd6+ Ke7 22. Nxb7 Nxd4 23. Kf2 Ra8 24. Be5 Ra2+ 25. Ke3 Nf5+ 26. Kd3 Nd5 27. Rc1 Nd6+ 28. Kd4 Rd2+ 29. Kc5 Nxb7+ 30. Kc6 Nd8+ 31. Kb5 f6 32. gxf6+ gxf6 0-1


[Site "https://www.chess.com"]

[Event "Titled Tuesday Blitz October 25 Late 2022"]
[White "Li, Ben"]
[Black "Sztokbant, Bernardo Vainzoff"]
[WhiteFideId "2089980"]
[BlackFideId "2115956"]
[WhiteElo "2267"]
[BlackElo "2171"]
[Result "1-0"]
[Round "06"]
[TimeControl "180+1"]
[Date "2022.10.26"]
[WhiteClock "0:00:59"]
[BlackClock "0:00:17"]

1. d4 Nf6 2. c4 e6 3. Nf3 Bb4+ 4. Bd2 c5 5. Bxb4 cxb4 6. e3 d6 7. Bd3 Nc6 8. O-O Qe7 9. a3 e5 10. Be2 bxa3 11. bxa3 O-O 12. Nc3 Bf5 13. h3 e4 14. Nd2 Rfe8 15. Re1 Qd7 16. Bf1 h5 17. Rb1 Ne7 18. Nb3 Ng6 19. c5 Nh4 20. Ne2 Nd5 21. Ng3 Nc3 22. Qxh5 Nxb1 23. Rxb1 Bxh3 24. Qxh4 Be6 25. cxd6 Qxd6 26. Nc5 Bd5 27. Nf5 Qf6 28. Qxf6 gxf6 29. Bb5 Red8 30. Nd7 Kh7 31. Nxf6+ Kg6 32. Nxd5 Kxf5 33. Nf4 Rac8 34. Be2 b6 35. g4+ Kg5 36. Kg2 Rxd4 37. Nh3+ Kh4 38. exd4 Rc3 39. Rh1 1-0


[Site "https://www.chess.com"]

[Event "Titled Tuesday Blitz October 25 Late 2022"]
[White "Lindholt, Malik"]
[Black "Stanisz, Patryk"]
[WhiteFideId "1404490"]
[BlackFideId "1123106"]
[WhiteElo "2006"]
[BlackElo "2069"]
[Result "0-1"]
[Round "06"]
[TimeControl "180+1"]
[Date "2022.10.26"]
[WhiteClock "0:01:42"]
[BlackClock "0:02:03"]

1. e4 c5 2. Nf3 Nc6 3. d4 cxd4 4. Nxd4 Nf6 5. Nc3 e5 6. Ndb5 d6 7. Bg5 a6 8. Na3 b5 9. Bxf6 gxf6 10. Nd5 Bg7 11. c3 Ne7 12. Nc2 f5 13. Nxe7 Qxe7 14. exf5 O-O 15. Ne3 e4 16. a4 b4 17. Nd5 Qg5 18. f6 Bxf6 19. Nxf6+ Qxf6 20. Qd4 Qxd4 21. cxd4 Be6 22. Kd2 Rfc8 23. Be2 Bb3 24. Rhc1 Rxc1 25. Rxc1 Bxa4 26. Rc7 Bb3 27. Rc6 a5 28. Rxd6 a4 29. Rb6 a3 30. bxa3 bxa3 31. Rxb3 a2 0-1


[Site "https://www.chess.com"]

[Event "Titled Tuesday Blitz October 25 Late 2022"]
[White "Liu, Kelsey"]
[Black "Bilan, Danila"]
[WhiteFideId "30944481"]
[BlackFideId "24161918"]
[WhiteElo "2347"]
[BlackElo "2203"]
[Result "0-1"]
[Round "06"]
[TimeControl "180+1"]
[Date "2022.10.26"]
[WhiteClock "0:00:04"]
[BlackClock "0:00:29"]

1. e4 c6 2. d3 d5 3. Nd2 e5 4. Ngf3 Bd6 5. g3 Nf6 6. Bg2 O-O 7. O-O Bg4 8. Re1 Nbd7 9. h3 Bh5 10. g4 Bg6 11. Nf1 dxe4 12. dxe4 Bc5 13. Ng3 Qb6 14. Qe2 Rfe8 15. Nh4 Rad8 16. Nxg6 hxg6 17. Bg5 Nf8 18. c3 Ne6 19. Bc1 a5 20. a3 a4 21. g5 Nh7 22. h4 Rd7 23. Be3 Red8 24. Nf1 Nhf8 25. Bh3 Bxe3 26. fxe3 Nf4 27. Qf3 Nxh3+ 28. Qxh3 Qxb2 29. Rec1 Rd3 30. Qf3 b5 31. c4 Rxa3 32. Rab1 Qa2 33. cxb5 cxb5 34. Rxb5 Qe6 35. Rb7 Rad3 36. Rcc7 R3d7 37. Qe2 Rxc7 38. Rxc7 Ra8 0-1


[Site "https://www.chess.com"]

[Event "Titled Tuesday Blitz October 25 Late 2022"]
[White "Ljukin, Sergei"]
[Black "Ali Abdullahi, Farah"]
[WhiteFideId "14102200"]
[BlackFideId "16100212"]
[WhiteElo "2312"]
[BlackElo "2216"]
[Result "0-1"]
[Round "06"]
[TimeControl "180+1"]
[Date "2022.10.26"]
[WhiteClock "0:00:13"]
[BlackClock "0:00:40"]

1. e4 e6 2. d4 d5 3. Nc3 Nf6 4. Bg5 dxe4 5. Nxe4 Be7 6. Bxf6 gxf6 7. Nf3 a6 8. Qe2 f5 9. Nc3 b5 10. O-O-O b4 11. Na4 Bd7 12. Nc5 Bb5 13. Qe3 Nd7 14. Nxd7 Qxd7 15. d5 O-O 16. dxe6 Qxe6 17. Kb1 Bf6 18. Nd4 Qd5 19. Qf3 Rfd8 20. Qxd5 Rxd5 21. Bxb5 axb5 22. Nb3 Re5 23. Rhe1 Rae8 24. Rxe5 Rxe5 25. g3 Re2 26. Rf1 Be7 27. Kc1 c5 28. Kd1 Re6 29. Re1 Rd6+ 30. Kc1 Rd7 31. Re5 c4 32. Nd2 c3 33. bxc3 bxc3 34. Nb3 Ba3+ 35. Kb1 Rd1+ 0-1


[Site "https://www.chess.com"]

[Event "Titled Tuesday Blitz October 25 Late 2022"]
[White "Lorenzo De La Riva, Lazaro"]
[Black "Omariev, Maksim"]
[WhiteFideId "2268809"]
[BlackFideId "4193423"]
[WhiteElo "2325"]
[BlackElo "2417"]
[Result "1-0"]
[Round "06"]
[TimeControl "180+1"]
[Date "2022.10.26"]
[WhiteClock "0:00:33"]
[BlackClock "0:00:44"]

1. d4 d5 2. Nf3 Nf6 3. g3 Bf5 4. Bg2 e6 5. O-O Be7 6. b3 h6 7. Bb2 O-O 8. c4 c6 9. Nc3 Nbd7 10. Nd2 Nb6 11. c5 Nbd7 12. f4 Ng4 13. Rf3 Nxc5 14. h3 Be4 15. hxg4 Bxf3 16. Nxf3 Ne4 17. Nxe4 dxe4 18. Ne5 f5 19. e3 Bf6 20. Qc2 Bxe5 21. dxe5 Qa5 22. gxf5 exf5 23. g4 g6 24. gxf5 gxf5 25. Kh2 Rad8 26. Qc4+ Kh7 27. Bc3 Qc7 28. Bh3 Qe7 29. Rg1 Qh4 30. Qe6 Rde8 31. Qg6+ 1-0


[Site "https://www.chess.com"]